 Dungeon Crawl Stone Soup version 0.29-a0-817-g9904bce7a6 (webtiles) character file.

Game seed: 9039108773366225771

0 blackman the Sneak (level 1, 0/18 HPs)
             Began as a Human Delver on July 5, 2022.
             Slain by an adder (2 damage)
             ... on level 5 of the Dungeon.
             The game lasted 00:00:20 (36 turns).

blackman the Sneak (Human Delver)                     Turns: 36, Time: 00:00:20

Health: 0/18       AC:  3    Str: 12    XL:     1   Next: 0%
Magic:  1/1        EV: 12    Int: 10    God:
Gold:   0          SH:  0    Dex: 14    Spells: 0/0 levels left

rFire   . . .      SeeInvis .   a - +0 hand axe
rCold   . . .      Faith    .   (no shield)
rNeg    . . .      Spirit   .   b - +0 leather armour
rPois   .          Reflect  .   (no helmet)
rElec   .          Harm     .   (no cloak)
rCorr   .          Rampage  .   (no gloves)
Will    .....                   (no boots)
Stlth   +++.......              (no amulet)
HPRegen 0.06/turn               (no ring)
MPRegen 0.07/turn               (no ring)

@: no status effects
A: no striking features
a: no special abilities


You were on level 5 of the Dungeon.
You visited 1 branch of the dungeon, and saw 1 of its levels.

Inventory:

Hand Weapons
 a - a +0 hand axe (weapon)
Armour
 b - a +0 leather armour (worn)
Wands
 g - a wand of digging (3)
Scrolls
 c - a scroll of fog
 d - a scroll of magic mapping
 e - a scroll of fear
Potions
 f - a potion of haste


   Skills:
 - Level 3.0 Fighting
 - Level 2.0 Axes
 - Level 2.0 Dodging
 - Level 5.0 Stealth
 + Level 0.0 Evocations


You couldn't memorise any spells.
You didn't know any spells.
Your spell library was empty.

Dungeon Overview and Level Annotations

Branches:
Dungeon (5/15)
 Temple: D:4-7

Altars:


Message History

Welcome, blackman the Human Delver.
Below lies the Orb of Zot, rumoured to be powerful enough to resurrect a god...
Press ? for a list of commands and other information.
Found a robe.
Found a stone staircase leading down.
Found 6 stones.
Key pressed, stopping explore.
Unknown command.
You hit the plant.
The plant begins to die.
The plant is lightly damaged.
You hit the plant.
The plant begins to die.
A nearby plant withers and dies.
An adder comes into view.
A nearby plant withers and dies.
An adder comes into view.
The adder hisses angrily. x2
Found a scroll labelled IKUPRUROUG.
Found 4 gold pieces.
The adder attacks as you move away! The adder bites you.
You are poisoned.
The adder poisons you!
You feel sick.
You feel sick.
You feel sick. The adder misses you. The adder attacks as you move away!
The adder misses you.
You feel sick.
You feel sick.
An adder comes into view.
You feel sick. The adder attacks as you move away! The adder bites you.
You feel sick.
You are no longer poisoned.
The adder bites you.
* * * LOW HITPOINT WARNING * * *
The adder attacks as you move away! The adder bites you.
* * * LOW HITPOINT WARNING * * *
Found 18 gold pieces.
The adder attacks as you move away! The adder bites you.
You die...

#.# # #.# ......#.
#.# #.#...#.###$####
#.#..............#
.P..................#
≈≈.....#..$.........#
≈≈≈....#..?#####@#
≈≈≈≈P.........SS.#
≈≈≈≈...#....###..#
≈≈≈≈≈P.#....# #.S#
≈≈≈≈≈S.#....# #..#
≈≈≈≈♣.S#....# #..#
≈≈≈♣...#....###...
≈≈≈..............#.
≈≈P....#.#..####.#.


You could see 3 adders.

Vanquished Creatures (others)
  2 plants (D:5)
2 creatures vanquished.

Notes
Turn   | Place    | Note
-------+----------+-------------------------------------------
     0 | D:5      | blackman the Human Delver began the quest for the Orb.
     0 | D:5      | Reached XP level 1. HP: 18/18 MP: 1/1
    36 | D:5      | Slain by an adder

Illustrated notes

Levels and vault maps discovered:
D:5:      layout_basic, serial_glass, glass_columns_a, glass_columns_a,
          guppyfry_early_lair_pool, uniq_sigmund, uniq_eustachio

Action                   || total
-------------------------++-------
Melee: Hand axe          ||     1
Dodge: Dodged            ||     2

Table legend: (Time is in decaauts)
 A = Elapsed time spent in this place.
 B = Non-inter-level travel time spent in this place.
 C = Inter-level travel time spent in this place.
 D = Time resting spent in this place.
 E = Time spent auto-exploring this place.
 F = Levels seen in this place.
 G = Mean time per level.
                   A        B        C        D        E       F      G
               +--------+--------+--------+--------+--------+-----+--------+
         Total |     36 |     36 |      0 |      0 |     13 |   1 |   36.0 |
       Dungeon |     36 |     36 |      0 |      0 |     13 |   1 |   36.0 |
               +--------+--------+--------+--------+--------+-----+--------+

Top non-repeatable levels by time:
     D:5: 36 daAuts
